 Dungeon Crawl Stone Soup version 0.19.3-1-g3169bf9 (webtiles) character file.

998 Mefis the Magician (level 8, -6/41 HPs)
             Began as a Deep Elf Wizard on Jan 25, 2017.
             Mangled by Prince Ribbit (10 damage)
             ... on level 5 of the Dungeon.
             The game lasted 00:19:49 (6451 turns).

Mefis the Magician (Deep Elf Wizard)                Turns: 6451, Time: 00:19:49

Health: -6/41      AC:  5    Str:  4    XL:     8   Next: 0%
Magic:  15/21      EV: 14    Int: 26    God:
Gold:   419        SH:  0    Dex: 13    Spells: 8 memorised, 5 levels left

rFire  . . .     SeeInvis .     a - +2 spear (flame)
rCold  . . .     Gourm    .     s - +0 robe
rNeg   . . .     Faith    .     (no shield)
rPois  .         Spirit   .     t - +0 helmet
rElec  .         Reflect  .     E - +0 cloak
rCorr  .         Harm     .     (no gloves)
MR     .....                    O - +0 pair of boots
Stlth  +.........               x - amulet of regeneration
                                (no ring)
                                (no ring)

@: very slightly contaminated, repel missiles
A: no striking features
a: no special abilities


You were on level 5 of the Dungeon.
You were not hungry.

You visited 1 branch of the dungeon, and saw 5 of its levels.
You also visited: Sewer.

You collected 419 gold pieces.

Inventory:

Hand Weapons
 a - a +2 spear of flaming (weapon)
 b - a +1 hunting sling of velocity
Missiles
 y - 20 sling bullets
 K - 10 poisoned needles
Armour
 e - a +0 hat
 s - a +0 robe (worn)
 t - a +0 helmet (worn)
 E - a +0 cloak (worn)
 O - a +0 pair of boots (worn)
Jewellery
 x - an amulet of regeneration (around neck)
Wands
 B - a wand of paralysis (15/24)
Scrolls
 g - 3 scrolls of fear
 i - 3 scrolls of noise
 m - 2 scrolls of teleportation
 q - a scroll of remove curse
 u - 2 scrolls of enchant weapon
 A - 2 scrolls of enchant armour
 D - a scroll of fog {unknown}
 F - a scroll of recharging {unknown}
 L - a scroll of blinking {unknown}
 P - 2 scrolls of amnesia
 Q - 2 scrolls of magic mapping
Potions
 h - 3 potions of curing
 j - 2 potions of heal wounds {unknown}
 k - a potion of lignification {unknown}
 l - 2 potions of cancellation {unknown}
 v - 2 potions of brilliance {unknown}
 z - a potion of berserk rage {unknown}
 C - a potion of degeneration {unknown}
 G - a potion of cure mutation {unknown}
 J - a potion of haste {unknown}
 N - a potion of mutation {unknown}
Books
 c - a book of Minor Magic

   Spells                             Type                      Level
   a - Magic Dart                     Conjuration                  1
   b - Blink                          Translocation                2
   c - Call Imp                       Summoning                    2
   d - Repel Missiles                 Charms/Air                   2
   e - Slow                           Hexes                        2
   f - Conjure Flame                  Conjuration/Fire             3
   g - Mephitic Cloud                 Conjuration/Poison/Air       3
 H - a book of Flames

   Spells                             Type                      Level
   a - Flame Tongue                   Conjuration/Fire             1
   b - Throw Flame                    Conjuration/Fire             2
   c - Conjure Flame                  Conjuration/Fire             3
   d - Inner Flame                    Hexes/Fire                   3
   e - Sticky Flame                   Conjuration/Fire             4
   f - Fireball                       Conjuration/Fire             5
 M - a book of Callings

   Spells                             Type                      Level
   a - Summon Small Mammal            Summoning                    1
   b - Call Imp                       Summoning                    2
   c - Call Canine Familiar           Summoning                    3
   d - Summon Guardian Golem          Hexes/Summoning              3
   e - Summon Lightning Spire         Summoning/Air                4
   f - Summon Ice Beast               Ice/Summoning                4
Comestibles
 d - a bread ration
 f - 8 fruits
 p - 3 slices of pizza


   Skills:
 + Level 4.6 Dodging
 - Level 3.0 Stealth
 * Level 7.8 Spellcasting
 + Level 3.5 Conjurations
 + Level 2.5 Hexes
 - Level 3.2 Charms
 - Level 1.1 Summonings
 - Level 1.1 Translocations
 * Level 2.9 Fire Magic
 + Level 2.3 Air Magic
 - Level 2.2 Poison Magic
 + Level 1.5 Evocations


You had 5 spell levels left.
You knew the following spells:

 Your Spells              Type           Power        Failure   Level  Hunger
a - Magic Dart            Conj           ####         1%          1    None
b - Call Imp              Summ           ###.....     6%          2    None
c - Blink                 Tloc           N/A          6%          2    None
d - Repel Missiles        Chrm/Air       ###...       2%          2    None
e - Mephitic Cloud        Conj/Pois/Air  ###.....     8%          3    None
f - Conjure Flame         Conj/Fire      ####....     6%          3    None
g - Slow                  Hex            ###.....     2%          2    None
s - Throw Flame           Conj/Fire      ####..       2%          2    None


Dungeon Overview and Level Annotations

Branches:
Dungeon (5/15)
 Temple: D:4-7

Altars:
Okawaru
Xom

Annotations:
D:5 Prince Ribbit


Message History

You are very lightly contaminated with residual magic.
Wisps of smoke drift from your hands. Prince Ribbit hits you!
* * * LOW HITPOINT WARNING * * *
Prince Ribbit barely misses you.
Casting: Mephitic Cloud
Confirm with . or Enter, or press ? or * to list all spells.
You don't know that spell.
Unknown command.
Casting: Mephitic Cloud
Confirm with . or Enter, or press ? or * to list all spells.
You blink.
Splash!
You fall into the shallow water.
Moving in this stuff is going to be slow.
Casting: Blink
Confirm with . or Enter, or press ? or * to list all spells.
You blink.
Splash!
Prince Ribbit hits you!
You die...

#.§.≈♣≈≈≈≈≈≈≈≈≈≈
#.#.≈♣≈≈≈≈≈≈≈≈≈≈
#.##♣≈≈♣≈≈≈≈≈≈≈≈
..#
♣≈PP≈≈≈≈≈≈≈P≈
.#.#
#≈P≈P≈≈≈≈≈♣P
#.#.#
≈♣≈≈P≈P≈≈≈≈♣ #
#.#
#♣♣≈♣≈≈≈P♣≈≈≈ #.
#≈§≈FP♣≈≈≈≈≈P
##♣♣P@PP≈≈≈P≈
♣≈≈PP♣P≈P♣
♣♣≈≈≈P≈≈≈♣
♣♣≈≈≈♣♣≈# ♣≈≈≈#
♣≈## ##


You could see Prince Ribbit.

Vanquished Creatures
  Menkaure (D:5)
  An ogre (D:5)
  A crocodile (Sewer)
  Blork the orc (D:4)
  5 crimson imps
  A bullfrog skeleton (D:4)
  Jessica (D:3)
  3 worker ants
  2 gnolls
  9 adders
  A shadow imp (D:5)
  An ooze (D:1)
  2 worms
  A dart slug (D:4)
  4 leopard geckos
  2 orcs (D:4)
  2 ball pythons
  3 giant cockroaches
  11 goblins
  5 hobgoblins
  5 jackals
  7 kobolds
  3 quokkas
  11 bats
  5 frilled lizards
  5 rats
93 creatures vanquished.

Vanquished Creatures (collateral kills)
  Sigmund (D:3)
  Robin (D:3)
  An adder (D:3)
  4 gnolls
  2 leopard geckos (D:5)
  A goblin (D:4)
  2 hobgoblins (D:3)
  5 bats (Sewer)
  A kobold (D:4)
18 creatures vanquished.

Vanquished Creatures (others)
  3 plants (D:5)
3 creatures vanquished.

Grand Total: 114 creatures vanquished

Notes
Turn   | Place    | Note
-------+----------+-------------------------------------------
     0 | D:1      | Mefis the Deep Elf Wizard began the quest for the Orb.
     0 | D:1      | Reached XP level 1. HP: 10/10 MP: 7/7
   479 | D:1      | Reached XP level 2. HP: 14/15 MP: 5/9
   483 | D:1      | Learned a level 2 spell: Call Imp
   486 | D:1      | Learned a level 2 spell: Blink
   489 | D:1      | Learned a level 2 spell: Repel Missiles
   834 | D:1      | Reached skill level 5 in Spellcasting
  1394 | D:2      | Reached XP level 3. HP: 19/19 MP: 4/11
  1515 | D:2      | Learned a level 3 spell: Mephitic Cloud
  2306 | D:2      | Reached XP level 4. HP: 24/24 MP: 4/13
  2311 | D:2      | Learned a level 3 spell: Conjure Flame
  2460 | D:3      | Noticed Jessica
  2463 | D:3      | Killed Jessica
  2548 | D:3      | Noticed Robin
  2556 | D:3      | Reached skill level 1 in Poison Magic
  2570 | D:3      | Reached skill level 1 in Charms
  2603 | D:3      | Killed Robin
  2746 | D:3      | Noticed Sigmund
  2771 | D:3      | Killed Sigmund
  2771 | D:3      | Reached skill level 6 in Spellcasting
  2771 | D:3      | Reached skill level 1 in Air Magic
  2771 | D:3      | Reached XP level 5. HP: 28/28 MP: 2/15
  2783 | D:3      | Learned a level 2 spell: Slow
  3140 | D:3      | Reached XP level 6. HP: 32/32 MP: 14/17
  3953 | D:4      | Reached skill level 1 in Hexes
  4018 | D:4      | Noticed Blork the orc
  4038 | D:4      | Killed Blork the orc
  4306 | D:4      | Learned a level 2 spell: Throw Flame
  4336 | D:4      | Found a shimmering altar of Xom.
  4366 | D:4      | Reached skill level 1 in Fire Magic
  4463 | D:5      | Entered Level 5 of the Dungeon
  4465 | D:5      | Found a glowing drain.
  4489 | Sewer    | Entered a sewer
  4491 | Sewer    | Reached skill level 7 in Spellcasting
  4631 | Sewer    | Reached XP level 7. HP: 36/36 MP: 7/19
  5218 | D:4      | Found an iron altar of Okawaru.
  5270 | D:4      | Reached skill level 1 in Evocations
  5403 | D:4      | Found a shimmering altar of Xom.
  5545 | D:5      | Noticed Menkaure
  5554 | D:5      | Killed Menkaure
  6242 | D:5      | Reached XP level 8. HP: 37/41 MP: 8/21
  6441 | D:5      | Noticed Prince Ribbit
  6447 | D:5      | HP: 1/41 [Prince Ribbit (14)]
  6451 | D:5      | Mangled by Prince Ribbit

Skill      XL: |  1  2  3  4  5  6  7 |
---------------+----------------------+-----
Spellcasting   | 5 6 7 |  7.8
Stealth        | 3 |  3.0
Dodging        | 3 4 |  4.6
Conjurations   | 2 3 |  3.5
Poison Magic   | 1 2 |  2.2
Charms         | 2 3 |  3.2
Air Magic      | 1 2 |  2.3
Hexes          | 1 2 |  2.5
Fire Magic     | 1 2 |  2.9
Evocations     | 1 |  1.5
Summonings     | |  1.1
Translocations | |  1.1

Action                   |  1- 3 |  4- 6 |  7- 9 || total
-------------------------+-------+-------+-------++-------
Melee: Unarmed           |     1 |       |       ||     1
       Dagger            |       |    50 |    85 ||   135
 Cast: Magic Dart        |   118 |   114 |    70 ||   302
       Repel Missiles    |     2 |     1 |       ||     3
       Call Imp          |       |    13 |    10 ||    23
       Mephitic Cloud    |       |     6 |     6 ||    12
       Conjure Flame     |       |     3 |       ||     3
       Blink             |       |     1 |     3 ||     4
       Throw Flame       |       |       |    38 ||    38
       Slow              |       |       |     2 ||     2
  Use: Scroll            |       |       |     9 ||     9
 Stab: Confused          |       |     1 |       ||     1
       Petrified         |       |     2 |       ||     2
  Eat: Chunk             |     4 |     5 |       ||     9
       Bread ration      |       |     1 |     1 ||     2
Armor: Robe              |     3 |    26 |    43 ||    72
Dodge: Dodged            |    29 |    67 |   103 ||   199
       Deflected         |     1 |     2 |     1 ||     4
